 Dungeon Crawl Stone Soup version 0.19.5 (webtiles) character file.

102 Lizzreth the Chopper (level 4, -1/35 HPs)
             Began as a Demonspawn Fighter on Mar 20, 2017.
             Slain by a hound (4 damage)
             ... on level 3 of the Dungeon.
             The game lasted 00:06:40 (1762 turns).

Lizzreth the Chopper (Demonspawn Fighter)           Turns: 1762, Time: 00:06:41

Health: -1/35      AC:  6    Str: 17    XL:     4   Next: 50%
Magic:  4/4        EV:  6    Int:  9    God:
Gold:   24         SH:  8    Dex: 13    Spells: 0 memorised, 3 levels left

rFire  . . .     SeeInvis .     a - +0 war axe
rCold  . . .     Gourm    .     b - +0 scale mail
rNeg   . . .     Faith    .     c - +0 shield
rPois  .         Spirit   .     (no helmet)
rElec  .         Reflect  .     (no cloak)
rCorr  +         Harm     .     (no gloves)
MR     +....                    (no boots)
Stlth  ..........               (no amulet)
                                n - ring of protection from magic
                                q - ring of resist corrosion

@: no status effects
A: claws 1, demonic guardian 1, powered by pain 1
a: no special abilities


You were on level 3 of the Dungeon.
You were not hungry.

You visited 1 branch of the dungeon, and saw 3 of its levels.

You collected 24 gold pieces.

Inventory:

Hand Weapons
 a - a +0 war axe (weapon)
 h - a +1 whip of electrocution
Armour
 b - a +0 scale mail (worn)
 c - a +0 shield (worn)
Jewellery
 i - a +4 ring of intelligence
 n - a ring of protection from magic (right claw)
 q - a ring of resist corrosion (left claw)
Scrolls
 e - 2 scrolls of remove curse {unknown}
 j - a scroll of recharging {unknown}
 k - a scroll of enchant armour {unknown}
 l - a scroll of enchant weapon {unknown}
 o - a scroll of magic mapping {unknown}
 s - a scroll of teleportation {unknown}
 t - a scroll of identify {unknown}
Potions
 d - a potion of might
 g - 2 potions of flight {unknown}
Comestibles
 f - a bread ration
 m - 2 meat rations
 p - a beef jerky
 r - a royal jelly


   Skills:
 - Level 3.0 Fighting
 + Level 4.3 Axes
 - Level 2.6 Armour
 - Level 2.6 Shields


You had 3 spell levels left.
You didn't know any spells.

Dungeon Overview and Level Annotations

Branches:
Dungeon (3/15)

Altars:


Innate Abilities, Weirdness & Mutations

You have sharp fingernails.
A weak demonic guardian rushes to your aid.
You sometimes gain a little power by taking damage.


Message History

The jackal is almost dead.
You closely miss the adder. You hit the hound.
Your quasit disappears in a puff of smoke!
The jackal bites you but does no damage.
The hound bites you.
* * * LOW HITPOINT WARNING * * *
The adder bites you but does no damage. The hound bites you but does no damage.
The jackal completely misses you.
The jackal bites you but does no damage.
You block the adder's attack.
Unknown command.
Your shield and scale mail prevent you from hitting the hound.
The hound is almost dead.
You barely miss the jackal. You miss the adder. You closely miss the jackal.
The hound bites you.
* * * LOW HITPOINT WARNING * * *
You block the jackal's attack.
The jackal bites you but does no damage.
The adder bites you but does no damage. The hound bites you.
You die...

...............
................
.................
..................
..................
..................
......hh..........
.....†h@S.......(.
..................
.........(........
....######.#.####
### #.#.#
#.#.#######
#.#........
#.#....>...
#.#.#######


You could see a hound, an adder and 2 jackals.

Vanquished Creatures
  An adder (D:2)
  4 gnolls (D:3)
  2 worms (D:2)
  2 dart slugs (D:1)
  3 leopard geckos (D:2)
  6 bats
  3 giant cockroaches
  5 goblins
  2 hobgoblins (D:1)
  6 kobolds
  2 frilled lizards (D:1)
  9 rats
45 creatures vanquished.

Vanquished Creatures (collateral kills)
  A bat (D:3)
  A jackal (D:3)
  A kobold (D:3)
3 creatures vanquished.

Grand Total: 48 creatures vanquished

Notes
Turn   | Place    | Note
-------+----------+-------------------------------------------
     0 | D:1      | Lizzreth the Demonspawn Fighter began the quest for the Orb.
     0 | D:1      | Reached XP level 1. HP: 18/18 MP: 1/1
    26 | D:1      | Reached skill level 2 in Axes
   120 | D:1      | Gained mutation: A weak demonic guardian rushes to your aid. [demonic ancestry]
   120 | D:1      | Reached XP level 2. HP: 24/24 MP: 2/2
   748 | D:1      | Reached skill level 3 in Axes
   923 | D:1      | Gained mutation: You have sharp fingernails. [demonic ancestry]
   923 | D:1      | Reached XP level 3. HP: 29/29 MP: 3/3
  1756 | D:3      | Gained mutation: You sometimes gain a little power by taking damage. [demonic ancestry]
  1756 | D:3      | Reached XP level 4. HP: 24/35 MP: 4/4
  1756 | D:3      | Reached skill level 4 in Axes
  1762 | D:3      | Slain by a hound

Skill      XL: |  1  2  3  4 |
---------------+-------------+-----
Axes           | 2 3 4 |  4.3
Fighting       | |  3.0
Armour         | |  2.6
Shields        | |  2.6

Action                   |  1- 3 |  4- 6 || total
-------------------------+-------+-------++-------
Melee: War axe           |   107 |     6 ||   113
 Stab: Distracted        |       |     1 ||     1
  Eat: Chunk             |     3 |       ||     3
Armor: Scale mail        |    51 |    10 ||    61
Dodge: Dodged            |    27 |    10 ||    37
Block: Shield            |    77 |    11 ||    88
